Map: King's Cove LE

Players

FiNaLKraTosS - Winner!

  • Race: Protoss Protoss
  • League: Platinum
  • Spawn Location: 5:00

MiuGu

  • Race: Zerg Zerg
  • League: Platinum
  • Spawn Location: 11:00

VOD

Have the link to the VOD?

Description

Time

  • Played on: May 11, 2019, 11:34 a.m.
  • Length: 12:30
Show
View Real Time Build Order
Export as new Build Order

FiNaLKraTosS Protoss - Winner!

Build Orders: 1 Gate Expand 

Get SALT Encoding   

  12  0:01  Probe  
  13  0:13  Probe  
  14  0:19  Pylon  
  14  0:25  Probe  
  15  0:35  Probe  
  15  0:39  Gateway  
  16  0:43  Probe  
  17  0:52  Probe  
  18  0:59  Pylon  
  18  1:04  Probe  
  18  1:10  Assimilator  
  19  1:16  Probe  
  20  1:28  Probe  
  21  1:40  Nexus  
  21  1:44  Pylon  
  21  1:48  Probe  
  22  1:58  Assimilator  
  23  2:07  Cybernetics Core  
  22  2:13  Gateway  
  22  2:15  Probe  
  23  2:27  Probe  
  24  2:39  Probe  
  24  2:44  Robotics Facility  
  25  2:47  Gateway, Warp Gate  
  25  2:49  Sentry  
  25  2:51  Probe  
  25  2:57  Zealot  
  28  3:03  Probe  
  31  3:12  Pylon  
  31  3:20  Pylon  
  31  3:23  Zealot  
  33  3:29  Pylon  
  33  3:33  Stalker  
  35  3:47  Immortal  
  39  3:52  Stalker  
  39  3:55  Probe  
  41  3:56  Probe  
  41  4:00  Assimilator  
  43  4:03  Probe  
  43  4:04  Probe  
  45  4:11  Probe  
  45  4:12  Probe  
  47  4:17  Pylon  
  47  4:22  Probe  
  47  4:25  Shield Battery  
  47  4:29  Observer  
  49  4:32  Probe  
  49  4:36  Probe  
  51  4:40  Probe  
  51  4:42  Assimilator  
  52  4:48  Probe  
  52  4:49  Probe  
  54  4:56  Immortal  
  54  4:57  Probe  
  58  5:00  Probe  
  58  5:05  Probe  
  60  5:12  Probe  
  62  5:16  Pylon  
  62  5:20  Pylon  
  62  5:28  Pylon  
  62  5:32  Forge  
  62  5:34  Probe  
  62  5:35  Probe  
  64  5:44  Forge  
  64  5:45  Immortal  
  64  5:49  Twilight Council  
  68  5:53  Probe x2  
  68  5:55  Stalker  
  68  5:56  Stalker  
  74  5:59  Protoss Ground Weapons Level 1  
  74  6:00  Stalker  
  76  6:05  Probe  
  77  6:11  Gateway  
  77  6:13  Shield Battery  
  77  6:26  Immortal  
  77  6:31  Pylon  
  81  6:33  Templar Archives  
  81  6:43  Protoss Ground Armor Level 1  
  81  6:45  Stalker  
  81  6:46  Stalker  
  85  6:53  Pylon  
  85  6:58  Pylon  
  75  7:42  Nexus  
  75  7:45  Assimilator  
  75  7:48  Assimilator  
  75  7:51  Gateway  
  75  7:52  Gateway  
  75  7:53  Gateway  
  75  7:54  Psionic Storm  
  75  7:55  Probe x2  
  77  8:00  High Templar x3  
  77  8:01  High Templar  
  85  8:07  Gateway, Probe x2  
  85  8:09  Gateway  
  87  8:19  Probe x2, Protoss Ground Weapons Level 2  
  89  8:23  Gateway  
  89  8:27  Shield Battery  
  89  8:31  Probe, Shield Battery  
  89  8:32  Photon Cannon x2, Probe  
  91  8:43  Probe  
  91  8:44  Probe  
  91  8:47  High Templar x3  
  91  8:48  High Templar x3, Pylon  
  105  8:56  Probe x2  
  105  9:01  Probe  
  110  9:13  Charge  
  108  9:19  Zealot x4  
  108  9:20  Zealot x4  
  108  9:21  Zealot  
  126  9:33  Robotics Bay  
  122  9:43  Stalker  
  122  9:44  Stalker x4  
  128  10:04  Nexus  
  128  10:07  Assimilator  
  128  10:08  Assimilator  
  128  10:09  High Templar  
  128  10:10  High Templar  
  128  10:12  Pylon  
  132  10:14  Pylon  
  132  10:16  Archon  
  132  10:17  Pylon  
  132  10:32  Pylon  
  132  10:36  Stalker x5  
  132  10:37  Pylon, Stalker x2  
  146  10:47  Observer  
  121  11:26  Stalker x4  
  121  11:27  Stalker x5  
  139  11:36  Robotics Facility  
  139  11:38  Robotics Facility  
  139  11:39  Photon Cannon  
  139  11:41  Photon Cannon  
  135  12:00  Zealot x3  
  135  12:01  Zealot x6  
Show
View Real Time Build Order
Export as new Build Order

MiuGu Zerg 

Build Orders: Hatch First, Roach Hydra 

Get SALT Encoding   

  12  0:01  Drone  
  13  0:12  Overlord  
  13  0:20  Drone  
  14  0:31  Drone x2  
  16  0:51  Hatchery  
  16  0:55  Drone  
  16  1:00  Drone  
  16  1:01  Drone  
  18  1:14  Extractor  
  18  1:18  Spawning Pool  
  16  1:25  Drone x2  
  18  1:30  Drone  
  19  1:48  Drone  
  19  1:51  Overlord  
  20  2:04  Queen  
  20  2:05  Queen  
  20  2:06  Zergling x4  
  26  2:14  Drone  
  28  2:15  Drone  
  29  2:22  Drone  
  29  2:25  Drone  
  30  2:33  Drone  
  31  2:38  Overlord  
  31  2:45  Queen  
  31  2:46  Lair  
  31  2:48  Drone  
  34  2:55  Drone  
  34  2:56  Drone  
  36  3:02  Drone  
  37  3:08  Overlord  
  37  3:19  Overlord  
  37  3:23  Drone x6  
  43  3:30  Roach Warren  
  43  3:32  Evolution Chamber  
  40  3:46  Drone  
  40  3:47  Drone x3  
  43  3:49  Spore Crawler  
  43  3:51  Spore Crawler  
  41  4:02  Metabolic Boost  
  41  4:04  Overlord x2  
  41  4:06  Drone x4  
  41  4:07  Drone x2  
  41  4:09  Extractor  
  46  4:12  Extractor  
  45  4:27  Drone x2  
  45  4:30  Zerg Missile Weapons Level 1  
  47  4:31  Hatchery, Glial Reconstitution  
  46  4:56  Roach x6  
  58  5:08  Drone x2  
  60  5:28  Hydralisk Den, Roach x4  
  67  5:31  Overlord x3  
  67  5:32  Overlord  
  67  5:43  Roach  
  67  5:44  Roach x2  
  73  5:52  Queen x2  
  73  5:53  Queen  
  79  6:11  Roach x10  
  99  6:18  Zergling x4  
  101  6:28  Overlord x3  
  101  6:35  Zerg Missile Weapons Level 2  
  101  6:47  Grooved Spines  
  101  6:49  Drone x7  
  101  6:50  Drone  
  109  6:57  Overlord x2  
  109  7:00  Roach  
  111  7:11  Overlord x3  
  107  7:29  Roach  
  109  7:30  Roach x8  
  117  7:45  Drone x8, Extractor  
  117  7:47  Extractor  
  123  7:56  Ravager x5  
  123  7:58  Muscular Augments  
  128  8:24  Ravager x3  
  131  8:30  Drone  
  131  8:31  Drone x11  
  143  8:49  Hatchery  
  143  8:51  Hatchery  
  141  9:08  Zerg Melee Weapons Level 1  
  141  9:10  Hydralisk  
  141  9:11  Hydralisk x5  
  153  9:20  Spire  
  152  9:25  Infestation Pit  
  125  9:38  Extractor  
  125  9:42  Hydralisk  
  125  9:43  Hydralisk x5  
  136  9:48  Zergling x16  
  136  9:49  Zergling x24  
  154  10:32  Baneling Nest  
  154  10:34  Hive  
  153  10:54  Hydralisk x2, Roach x4  
  165  10:58  Overlord x9  
  165  10:59  Overlord  
  141  11:16  Roach x4  
  141  11:17  Hydralisk x3, Roach x10  
  107  11:30  Hydralisk x5  
  113  11:47  Hydralisk x5  
  113  11:48  Hydralisk x4  
  117  11:57  Hydralisk x2  
  102  12:13  Zergling x2  
Tags
 
Add a new tag
Caveats
  • Supply blocks, unpowered buildings, or Contaminate may cause inaccurate times.
  • Supply counts are checked every 10 seconds.